NCAA
OREGON DUCKS @ NEVADA LAS VEGAS REBELS
02/16/2063
 
TOP OF THE 1ST
Oregon Ducks batting - Pitching for Nevada Las Vegas Rebels : LHP Martin Trono
Pitching: LHP Martin Trono
Batting: LHB Chase Chamberlain 0-0: Called Strike
0-1: Called Strike
0-2: Strikes out swinging
Batting: SHB Cameron Dow 0-0: Ball
1-0: Ball
2-0: Ball
3-0: Called Strike
3-1: Foul Ball, location: 2F
3-2: SOLO HOME RUN (Flyball, 7D, EV 96.9 MPH), Distance : 398 ft
Batting: RHB Marcus Bruhn 0-0: Ball
1-0: Called Strike
1-1: Ball
2-1: Ball
3-1: Base on Balls
Batting: RHB Cody Schummer 0-0: SINGLE (Flyball, 34D, EV 95.0 MPH)
Marcus Bruhn to second
Batting: RHB Leon Banks 0-0: Called Strike
0-1: Grounds into double play, 5-4-3 (Groundball, 56S, EV 87.5 MPH)
Top of the 1st over - 1 run, 2 hits, 0 errors, 1 left on base; Oregon 1 - Nevada Las Vegas 0
BOTTOM OF THE 1ST
Nevada Las Vegas Rebels batting - Pitching for Oregon Ducks : RHP Murray Bolt
Pitching: RHP Murray Bolt
Batting: RHB Nash Vincent 0-0: Ball
1-0: Foul Ball, location: 2F
1-1: Foul Ball, location: 2F
1-2: Ground out 4-3 (Groundball, 4S, EV 84.4 MPH)
Batting: LHB Preston Distelhorst 0-0: Called Strike
0-1: Ball
1-1: Reached on error, E8 (Flyball, 8LM, EV 86.9 MPH)
Batting: SHB Ollie Roberson 0-0: Ball
Preston Distelhorst steals 2nd base (no throw)
1-0: Ball
2-0: Called Strike
2-1: DOUBLE (Line Drive, 89D, EV 111.2 MPH)
Preston Distelhorst scores
Batting: RHB Dave Wilner 0-0: Ball
1-0: Called Strike
1-1: Ball
2-1: Ball
3-1: 2-RUN HOME RUN (Flyball, 7LD, EV 95.0 MPH), Distance : 344 ft
Batting: LHB Jarred Horn 0-0: Called Strike
0-1: Foul Ball, location: 2F
0-2: Ball
1-2: Ball
2-2: SINGLE (Groundball, 34D, EV 103.1 MPH)
Batting: RHB Oliver Skwarek 0-0: Called Strike
0-1: Foul Ball, location: 2F
0-2: Strikes out swinging
Batting: LHB Isiah Dean 0-0: SINGLE (Line Drive, 3D, EV 96.9 MPH)
Jarred Horn to second
Runner from 2nd tries for 3rd, SAFE, throw by RF made to third
Batting: RHB Talon Osuna 0-0: Called Strike
0-1: Swinging Strike
0-2: Strikes out swinging
Bottom of the 1st over - 3 runs, 4 hits, 1 error, 2 left on base; Oregon 1 - Nevada Las Vegas 3
TOP OF THE 2ND
Oregon Ducks batting - Pitching for Nevada Las Vegas Rebels : LHP Martin Trono
Batting: RHB Dave Richardson 0-0: Called Strike
0-1: Ball
1-1: Ball
2-1: Swinging Strike
2-2: Strikes out swinging
Batting: LHB Wyatt DeFeo 0-0: Ball
1-0: Called Strike
1-1: Foul Ball, location: 2F
1-2: Strikes out looking
Batting: RHB Davell Danton 0-0: Ball
1-0: Ball
2-0: Called Strike
2-1: Foul Ball, location: 2F
2-2: Ball
3-2: Base on Balls
Batting: RHB Brock Roberts 0-0: Swinging Strike
0-1: Ball
1-1: Foul Ball, location: 2F
1-2: Ball
2-2: Ball
3-2: Strikes out swinging
Top of the 2nd over - 0 runs, 0 hits, 0 errors, 1 left on base; Oregon 1 - Nevada Las Vegas 3
BOTTOM OF THE 2ND
Nevada Las Vegas Rebels batting - Pitching for Oregon Ducks : RHP Murray Bolt
Batting: LHB Tremaine Jackson 0-0: Ball
1-0: Ball
2-0: Called Strike
2-1: Called Strike
2-2: Ground out U3 (Groundball, 34S, EV 87.5 MPH)
Batting: RHB Nash Vincent 0-0: Ball
1-0: Ball
2-0: Foul Ball, location: 2F
2-1: Swinging Strike
2-2: SINGLE (Line Drive, 4D, EV 98.8 MPH)
Batting: LHB Preston Distelhorst 0-0: Ball
1-0: Ball
2-0: DOUBLE (Line Drive, 89M, EV 102.5 MPH)
Nash Vincent to third
Batting: SHB Ollie Roberson 0-0: Called Strike
0-1: Ball
1-1: Ball
2-1: Ball
3-1: Fly out, F9 (Flyball, 9, EV 80.6 MPH)
Runner from 3rd tags up, OUT at HOME! 9-2
Bottom of the 2nd over - 0 runs, 2 hits, 0 errors, 1 left on base; Oregon 1 - Nevada Las Vegas 3
TOP OF THE 3RD
Oregon Ducks batting - Pitching for Nevada Las Vegas Rebels : LHP Martin Trono
Batting: LHB Chase Chamberlain 0-0: Ball
1-0: Called Strike
1-1: Ground out 4-3 (Groundball, 4, EV 83.8 MPH)
Batting: SHB Cameron Dow 0-0: Swinging Strike
0-1: Foul Ball, location: 2F
0-2: Ball
1-2: Ball
2-2: Ball
3-2: Strikes out looking
Batting: RHB Marcus Bruhn 0-0: Ball
1-0: Ball
2-0: Ground out 4-3 (Groundball, 4MD, EV 83.1 MPH)
Top of the 3rd over - 0 runs, 0 hits, 0 errors, 0 left on base; Oregon 1 - Nevada Las Vegas 3
BOTTOM OF THE 3RD
Nevada Las Vegas Rebels batting - Pitching for Oregon Ducks : RHP Murray Bolt
Batting: RHB Dave Wilner 0-0: Ball
1-0: TRIPLE (Flyball, 89XD, EV 101.9 MPH)
Batting: LHB Jarred Horn 0-0: Ball
1-0: Called Strike
1-1: Swinging Strike
1-2: Strikes out swinging
Batting: RHB Oliver Skwarek 0-0: Ball
1-0: Ground out 6-3 (Groundball, 6, EV 84.4 MPH)
Dave Wilner scores
Batting: LHB Isiah Dean 0-0: Called Strike
0-1: Foul Ball, location: 2F
0-2: Ball
1-2: Fly out, F8 (Line Drive, 8RD, EV 86.2 MPH)
Bottom of the 3rd over - 1 run, 1 hit, 0 errors, 0 left on base; Oregon 1 - Nevada Las Vegas 4
TOP OF THE 4TH
Oregon Ducks batting - Pitching for Nevada Las Vegas Rebels : LHP Martin Trono
Batting: RHB Cody Schummer 0-0: SINGLE (Line Drive, 9LS, EV 93.1 MPH)
Batting: RHB Leon Banks 0-0: Foul Ball, location: 2F
0-1: SINGLE (Groundball, 34, EV 98.8 MPH)
Cody Schummer to second
Runner from 2nd tries for 3rd, OUT! 9-5
Leon Banks to second
Batting: RHB Dave Richardson 0-0: Ball
1-0: Ball
2-0: Called Strike
2-1: Foul Ball, location: 2F
2-2: Ball
3-2: Fly out, F8 (Flyball, 8LD, EV 95.6 MPH)
Batting: LHB Wyatt DeFeo 0-0: Foul Ball, location: 2F
0-1: Ball
1-1: Ball
2-1: SINGLE (Groundball, 56, EV 104.4 MPH) (infield hit)
Leon Banks to third
Batting: RHB Davell Danton 0-0: Fielders Choice at 2nd, 6-4 (Groundball, 56, EV 85.6 MPH)
Top of the 4th over - 0 runs, 3 hits, 0 errors, 2 left on base; Oregon 1 - Nevada Las Vegas 4
BOTTOM OF THE 4TH
Nevada Las Vegas Rebels batting - Pitching for Oregon Ducks : RHP Murray Bolt
Batting: RHB Talon Osuna 0-0: Ball
1-0: Called Strike
1-1: Fly out, F7 (Flyball, 78S, EV 88.8 MPH)
Batting: LHB Tremaine Jackson 0-0: Ball
1-0: Swinging Strike
1-1: Ball
2-1: Foul Ball, location: 2F
2-2: Strikes out swinging
Batting: RHB Nash Vincent 0-0: Called Strike
0-1: Ball
1-1: Called Strike
1-2: Ball
2-2: Ball
3-2: Foul Ball, location: 2F
3-2: Base on Balls
Batting: LHB Preston Distelhorst 0-0: Called Strike
Nash Vincent is caught stealing 2nd base 2-6
Bottom of the 4th over - 0 runs, 0 hits, 0 errors, 0 left on base; Oregon 1 - Nevada Las Vegas 4
TOP OF THE 5TH
Oregon Ducks batting - Pitching for Nevada Las Vegas Rebels : LHP Martin Trono
Batting: RHB Brock Roberts 0-0: Ball
1-0: Ball
2-0: Ball
3-0: Called Strike
3-1: Called Strike
3-2: Foul Ball, location: 2F
3-2: Fly out, F7 (Flyball, 7, EV 87.5 MPH)
Batting: LHB Chase Chamberlain 0-0: Swinging Strike
0-1: Ball
1-1: Foul Ball, location: 2F
1-2: Foul Ball, location: 2F
1-2: Ball
2-2: Ball
3-2: TRIPLE (Flyball, 9LD, EV 93.1 MPH)
Batting: SHB Cameron Dow 0-0: Called Strike
0-1: Ball
1-1: Swinging Strike
1-2: SINGLE (Line Drive, 89S, EV 95.6 MPH)
Chase Chamberlain scores
Batting: RHB Marcus Bruhn 0-0: Ball
1-0: Ball
2-0: SINGLE (Line Drive, 7LS, EV 89.4 MPH)
Cameron Dow to second
Pitching: RHP Corey Straface
Batting: RHB Cody Schummer 0-0: Ball
1-0: Ball
2-0: Called Strike
2-1: Foul Ball, location: 2F
2-2: Ball
3-2: Foul Ball, location: 2F
3-2: Foul Ball, location: 2F
3-2: DOUBLE (Groundball, 5L, EV 101.2 MPH)
Cameron Dow scores
Marcus Bruhn to third
Batting: RHB Leon Banks 0-0: Ball
1-0: SINGLE (Flyball, 56D, EV 95.0 MPH)
Marcus Bruhn scores
Cody Schummer to third
Runner from 3rd tries for Home, throw by LF and OUT! 7-2
Batting: RHB Dave Richardson 0-0: Ball
1-0: Swinging Strike
1-1: Ball
2-1: Foul Ball, location: 2F
2-2: Ball
3-2: Base on Balls
Leon Banks to second
Batting: LHB Wyatt DeFeo 0-0: Ball
1-0: Called Strike
1-1: Ball
2-1: Called Strike
2-2: Strikes out swinging
Top of the 5th over - 3 runs, 5 hits, 0 errors, 2 left on base; Oregon 4 - Nevada Las Vegas 4
BOTTOM OF THE 5TH
Nevada Las Vegas Rebels batting - Pitching for Oregon Ducks : RHP Murray Bolt
Batting: LHB Preston Distelhorst 0-0: Ball
1-0: Fly out, F7 (Line Drive, 7LM, EV 87.5 MPH)
Batting: SHB Ollie Roberson 0-0: DOUBLE (Line Drive, 78XD, EV 108.8 MPH)
Batting: RHB Dave Wilner 0-0: Ball
1-0: Called Strike
1-1: Foul Ball, location: 2F
1-2: Ball
Wild Pitch!
Ollie Roberson to third
2-2: Ball
3-2: Base on Balls
Pitching: RHP Dee Rowe
Batting: LHB Jarred Horn 0-0: Called Strike
0-1: Called Strike
0-2: Ball
1-2: Foul Ball, location: 2F
1-2: TRIPLE (Flyball, 9LD, EV 98.8 MPH)
Ollie Roberson scores
Dave Wilner scores
Batting: RHB Oliver Skwarek 0-0: Ball
1-0: 2-RUN HOME RUN (Flyball, 7D, EV 100.6 MPH), Distance : 394 ft
Batting: LHB Isiah Dean 0-0: Ball
1-0: Foul Ball, location: 2F
1-1: Ball
2-1: Called Strike
2-2: Fly out, F8 (Flyball, 8LD, EV 94.4 MPH)
Batting: RHB Talon Osuna 0-0: Ground out 6-3 (Groundball, 6MD, EV 86.2 MPH)
Bottom of the 5th over - 4 runs, 3 hits, 0 errors, 0 left on base; Oregon 4 - Nevada Las Vegas 8
TOP OF THE 6TH
Oregon Ducks batting - Pitching for Nevada Las Vegas Rebels : RHP Corey Straface
Batting: RHB Davell Danton 0-0: Ball
1-0: Ball
2-0: Ball
3-0: Base on Balls
Batting: RHB Brock Roberts 0-0: Called Strike
0-1: Ball
Davell Danton steals 2nd base
1-1: Swinging Strike
1-2: Ground out 6-3 (Groundball, 6, EV 84.4 MPH)
Batting: LHB Chase Chamberlain 0-0: Swinging Strike
0-1: Foul Ball, location: 2F
0-2: Foul Ball, location: 2F
0-2: Foul Ball, location: 2F
0-2: Ball
1-2: SINGLE (Line Drive, 5D, EV 97.5 MPH)
Davell Danton to third
Runner from 3rd tries for Home, SAFE, throw by LF to home
Batting: SHB Cameron Dow 0-0: Ball
1-0: Swinging Strike
1-1: DOUBLE (Groundball, 3L, EV 105.0 MPH)
Chase Chamberlain to third
Batting: RHB Marcus Bruhn 0-0: Foul Ball, location: 2F
0-1: Fly out, F8 (Flyball, 78D, EV 111.2 MPH)
Runner from 3rd tags up, SCORES, no throw by CF
Batting: RHB Cody Schummer 0-0: Ball
1-0: Foul Ball, location: 2F
1-1: Foul Ball, location: 2F
1-2: Ball
2-2: Strikes out swinging, 2-3 out at first.
Top of the 6th over - 2 runs, 2 hits, 0 errors, 1 left on base; Oregon 6 - Nevada Las Vegas 8
BOTTOM OF THE 6TH
Nevada Las Vegas Rebels batting - Pitching for Oregon Ducks : RHP Dee Rowe
Batting: LHB Tremaine Jackson 0-0: Ground out 6-3 (Groundball, 6, EV 90.0 MPH)
Batting: RHB Nash Vincent 0-0: Foul Ball, location: 2F
0-1: Swinging Strike
0-2: Ball
1-2: Ball
2-2: Ball
3-2: Foul Ball, location: 2F
3-2: Base on Balls
Batting: LHB Preston Distelhorst 0-0: Called Strike
0-1: Called Strike
Nash Vincent is caught stealing 2nd base 2-6
0-2: Foul Ball, location: 2F
0-2: Ball
1-2: Foul Ball, location: 2F
1-2: Foul Ball, location: 2F
1-2: Strikes out looking
Bottom of the 6th over - 0 runs, 0 hits, 0 errors, 0 left on base; Oregon 6 - Nevada Las Vegas 8
TOP OF THE 7TH
Oregon Ducks batting - Pitching for Nevada Las Vegas Rebels : RHP Corey Straface
Batting: RHB Leon Banks 0-0: Foul Ball, location: 2F
0-1: Called Strike
0-2: Strikes out looking
Batting: RHB Dave Richardson 0-0: Ball
1-0: Ground out 4-3 (Groundball, 4M, EV 90.0 MPH)
Batting: LHB Wyatt DeFeo 0-0: Ball
1-0: Ball
2-0: Fly out, F5 (Popup, 5, EV 64.4 MPH)
Top of the 7th over - 0 runs, 0 hits, 0 errors, 0 left on base; Oregon 6 - Nevada Las Vegas 8
BOTTOM OF THE 7TH
Nevada Las Vegas Rebels batting - Pitching for Oregon Ducks : RHP Dee Rowe
Batting: SHB Ollie Roberson 0-0: Ball
1-0: Ball
2-0: Ball
3-0: Base on Balls
Batting: RHB Dave Wilner 0-0: Ball
1-0: Ball
2-0: Ball
3-0: Called Strike
3-1: Base on Balls
Ollie Roberson to second
Batting: LHB Jarred Horn 0-0: Called Strike
0-1: Ball
1-1: Called Strike
1-2: Ball
2-2: Ball
3-2: SINGLE (Flyball, 4D, EV 85.0 MPH)
Ollie Roberson to third
Dave Wilner to second
Batting: RHB Oliver Skwarek 0-0: Swinging Strike
0-1: Ball
1-1: Fly out, F7 (Flyball, 7, EV 88.1 MPH)
Runner from 3rd tags up, SCORES, no throw by LF
Pitching: RHP Conner Glass
Batting: LHB Isiah Dean 0-0: Foul Ball, location: 2F
0-1: Fielders Choice at 2nd, 4-6 (Groundball, 34, EV 85.6 MPH)
Dave Wilner to third
Batting: RHB Talon Osuna 0-0: Called Strike
0-1: Called Strike
0-2: Ball
1-2: Ball
2-2: Ball
3-2: Strikes out swinging
Bottom of the 7th over - 1 run, 1 hit, 0 errors, 2 left on base; Oregon 6 - Nevada Las Vegas 9
TOP OF THE 8TH
Oregon Ducks batting - Pitching for Nevada Las Vegas Rebels : RHP Corey Straface
Pitching: RHP Kole Boer
Now at 3B: Roman Arcuri
Batting: RHB Davell Danton 0-0: Foul Ball, location: 2F
0-1: Foul Ball, location: 2F
0-2: Ball
1-2: Foul Ball, location: 2F
1-2: Ball
2-2: Reached on error, E5 (Line Drive, 5, EV 69.4 MPH)
Batting: RHB Brock Roberts 0-0: Called Strike
0-1: Grounds into double play, 6-4-3 (Groundball, 6M, EV 98.1 MPH)
Batting: LHB Chase Chamberlain 0-0: Foul Ball, location: 2F
0-1: Ball
1-1: Fly out, F9 (Line Drive, 9, EV 88.1 MPH)
Top of the 8th over - 0 runs, 0 hits, 1 error, 0 left on base; Oregon 6 - Nevada Las Vegas 9
BOTTOM OF THE 8TH
Nevada Las Vegas Rebels batting - Pitching for Oregon Ducks : RHP Conner Glass
Batting: LHB Tremaine Jackson 0-0: Swinging Strike
0-1: Ball
1-1: Foul Ball, location: 2F
1-2: Ground out 5-3 (Groundball, 56, EV 84.4 MPH)
Batting: RHB Nash Vincent 0-0: Ball
1-0: Called Strike
1-1: Fly out, F9 (Flyball, 89S, EV 85.0 MPH)
Batting: LHB Preston Distelhorst 0-0: Fly out, F8 (Flyball, 8RS, EV 96.2 MPH)
Bottom of the 8th over - 0 runs, 0 hits, 0 errors, 0 left on base; Oregon 6 - Nevada Las Vegas 9
TOP OF THE 9TH
Oregon Ducks batting - Pitching for Nevada Las Vegas Rebels : RHP Kole Boer
Pitching: LHP Andy Platis
Batting: SHB Cameron Dow 0-0: Foul Ball, location: 2F
0-1: SINGLE (Groundball, 6MD, EV 100.0 MPH)
Batting: RHB Marcus Bruhn 0-0: Called Strike
0-1: Grounds into double play, 4-6-3 (Groundball, 4, EV 104.4 MPH)
Batting: RHB Cody Schummer 0-0: Ball
1-0: Foul Ball, location: 2F
1-1: Foul Ball, location: 2F
1-2: Ball
2-2: Strikes out swinging
Top of the 9th over - 0 runs, 1 hit, 0 errors, 0 left on base; Oregon 6 - Nevada Las Vegas 9
Thursday, October 24th , 2024 - OOTP Baseball 23.10 Build 110